Map: Simulacrum LE

Players

Frustration

  • Race: Protoss Protoss
  • League: Master
  • Spawn Location: 11:00

BerryRAWR - Winner!

  • Race: Terran Terran
  • League: Grandmaster
  • Spawn Location: 5:00

VOD

Have the link to the VOD?

Description

Time

  • Played on: Feb. 26, 2020, 12:10 a.m.
  • Length: 9:16
Show
View Real Time Build Order
Export as new Build Order

Frustration Protoss 

Build Orders: 1 Gate Expand, Blink Stalkers 

Get SALT Encoding   

  12  0:00  Probe  
  13  0:13  Probe  
  14  0:17  Pylon  
  14  0:25  Probe (Chrono Boost)  
  15  0:37  Probe (Chrono Boost), Gateway  
  16  0:44  Probe (Chrono Boost)  
  17  0:51  Probe  
  17  0:52  Assimilator  
  17  0:56  Assimilator  
  18  1:03  Probe  
  19  1:15  Probe  
  20  1:24  Nexus  
  20  1:35  Cybernetics Core  
  20  1:37  Probe  
  21  1:48  Pylon  
  21  1:49  Probe  
  21  1:52  Assimilator  
  23  2:01  Probe (Chrono Boost)  
  23  2:09  Adept (Chrono Boost)  
  23  2:12  Warp Gate  
  23  2:13  Probe (Chrono Boost)  
  26  2:20  Probe (Chrono Boost)  
  26  2:29  Probe (Chrono Boost)  
  27  2:31  Stalker  
  27  2:36  Probe (Chrono Boost)  
  30  2:41  Twilight Council  
  31  2:45  Probe x2 (Chrono Boost)  
  31  2:50  Probe (Chrono Boost)  
  32  2:52  Probe  
  34  2:58  Robotics Facility  
  34  3:02  Probe  
  34  3:04  Stalker  
  37  3:11  Probe  
  37  3:14  Probe  
  38  3:20  Blink (Chrono Boost)  
  38  3:22  Pylon  
  38  3:27  Probe x2  
  40  3:39  Probe x2  
  40  3:41  Gateway  
  42  3:43  Gateway  
  42  3:46  Observer  
  43  3:52  Probe x2  
  45  3:56  Pylon  
  45  4:01  Stalker  
  47  4:04  Probe x2  
  47  4:09  Observer  
  50  4:16  Probe x2, Pylon  
  45  4:28  Probe (Chrono Boost)  
  45  4:31  Probe (Chrono Boost)  
  47  4:38  Assimilator  
  47  4:39  Stalker x2  
  47  4:40  Probe (Chrono Boost)  
  47  4:41  Assimilator  
  47  4:44  Probe (Chrono Boost)  
  47  4:45  Probe (Chrono Boost)  
  52  4:48  Stalker  
  52  4:52  Probe  
  56  4:54  Probe  
  57  5:04  Probe  
  57  5:06  Probe, Observer  
  57  5:16  Probe  
  57  5:18  Probe  
  57  5:19  Stalker x2  
  62  5:23  Pylon  
  62  5:25  Pylon  
  62  5:26  Pylon  
  62  5:28  Observer  
  62  5:41  Probe x2  
  64  5:43  Charge, Nexus  
  64  5:46  Pylon  
  64  5:53  Probe x2  
  66  6:05  Probe x2  
  66  6:06  Immortal (Chrono Boost)  
  72  6:11  Sentry x2, Zealot  
  72  6:17  Probe x2  
  80  6:19  Observer  
  80  6:29  Probe x2  
  80  6:30  Gateway  
  80  6:31  Gateway  
  82  6:33  Gateway  
  82  6:35  Gateway  
  82  6:42  Probe  
  82  6:44  Immortal (Chrono Boost)  
  87  6:51  Probe (Chrono Boost)  
  87  6:54  Probe (Chrono Boost), Zealot x3  
  85  6:59  Pylon  
  91  7:03  Probe (Chrono Boost)  
  91  7:06  Probe (Chrono Boost)  
  94  7:10  Probe (Chrono Boost)  
  94  7:12  Probe (Chrono Boost)  
  94  7:13  Probe (Chrono Boost)  
  94  7:14  Pylon  
  96  7:16  Probe (Chrono Boost)  
  96  7:21  Robotics Bay  
  97  7:23  Pylon  
  97  7:24  Zealot x3  
  97  7:28  Immortal (Chrono Boost)  
  107  7:40  Probe x2  
  107  7:41  Forge  
  107  7:42  Assimilator  
  107  7:43  Forge  
  109  7:47  Assimilator  
  109  7:48  Pylon, Observer  
  109  7:57  Zealot x2  
  109  7:58  Zealot x3  
  119  8:06  Pylon  
  119  8:08  Probe x2, Colossus (Chrono Boost)  
  119  8:12  Pylon  
  125  8:26  Pylon  
  125  8:28  Pylon  
  125  8:29  Pylon  
  111  8:41  Zealot x7  
  99  8:49  Templar Archives  
  105  9:02  Zealot x4  
  77  9:11  Zealot x3  
Show
View Real Time Build Order
Export as new Build Order

BerryRAWR Terran - Winner!

Build Orders: Reaper Expand 

Get SALT Encoding   

  12  0:01  SCV  
  13  0:13  SCV  
  14  0:18  Supply Depot  
  14  0:25  SCV  
  15  0:36  Refinery  
  15  0:39  SCV  
  16  0:45  Barracks  
  16  0:52  SCV  
  17  1:04  SCV  
  18  1:16  SCV  
  19  1:32  Orbital Command, Reaper  
  20  1:44  Command Center  
  20  1:56  Factory  
  20  1:59  SCV  
  21  2:06  Supply Depot  
  21  2:13  Barracks Reactor  
  21  2:15  SCV  
  22  2:24  Refinery  
  22  2:27  SCV  
  23  2:39  SCV  
  24  2:51  Starport  
  24  2:57  Hellion x2  
  28  3:01  Orbital Command  
  28  3:03  SCV  
  29  3:08  Barracks Tech Lab  
  28  3:18  SCV  
  28  3:19  Hellion x2  
  33  3:27  Medivac  
  33  3:29  SCV  
  33  3:30  SCV  
  37  3:35  Supply Depot  
  37  3:41  SCV  
  37  3:42  SCV  
  37  3:46  Bunker  
  39  3:49  Siege Tank  
  39  3:52  Marine  
  39  3:53  Marine  
  44  3:56  SCV  
  44  4:00  Starport Tech Lab  
  46  4:04  SCV  
  46  4:05  Supply Depot  
  46  4:09  SCV  
  47  4:10  Marine  
  47  4:11  Marine  
  47  4:32  Marine x2, Siege Tank  
  47  4:33  SCV  
  47  4:35  Barracks x2  
  53  4:41  SCV  
  53  4:45  Supply Depot  
  54  4:46  Engineering Bay  
  54  4:50  Marine x2  
  54  4:51  SCV  
  57  4:53  SCV  
  58  5:03  SCV, Supply Depot  
  58  5:05  SCV  
  60  5:07  Marine x2  
  60  5:08  Siege Tank  
  61  5:15  SCV  
  61  5:19  SCV  
  59  5:23  Barracks Tech Lab x2  
  59  5:25  Marine x2  
  59  5:27  Barracks Reactor  
  59  5:28  Terran Infantry Weapons Level 1  
  61  5:29  SCV  
  61  5:31  SCV, Supply Depot  
  63  5:36  Raven  
  63  5:41  SCV  
  66  5:43  Marine, SCV, Supply Depot  
  68  5:53  SCV  
  68  5:55  SCV  
  70  5:57  Refinery x2  
  70  6:00  Barracks  
  70  6:03  Barracks  
  68  6:05  SCV  
  67  6:12  Marine, Marauder  
  67  6:13  Barracks  
  67  6:18  SCV x2  
  70  6:29  Supply Depot, Stimpack  
  70  6:30  Supply Depot  
  70  6:31  Widow Mine x2  
  70  6:32  Marauder  
  76  6:34  Marauder  
  78  6:52  Marine x2  
  78  6:53  Marauder  
  77  6:55  Barracks Reactor, Marauder  
  77  6:59  Combat Shield  
  83  7:01  Widow Mine x2  
  83  7:02  SCV x2  
  83  7:07  Supply Depot  
  83  7:08  Supply Depot  
  85  7:11  Marine  
  85  7:12  Marine, Barracks Tech Lab  
  85  7:15  Marauder  
  89  7:16  Marauder  
  89  7:22  Supply Depot  
  91  7:24  Widow Mine x2  
  91  7:29  Marine x2  
  96  7:33  Marine x2, Starport Reactor, Marauder  
  96  7:34  Concussive Shells  
  96  7:36  Marauder  
  103  7:38  Marauder  
  105  7:45  Widow Mine x2  
  105  7:47  Marine  
  110  7:54  Marauder  
  110  7:58  SCV, Marauder  
  114  7:59  Marauder  
  114  8:00  Supply Depot  
  114  8:01  Marine x2, Supply Depot  
  114  8:03  Marine  
  114  8:05  Marine  
  119  8:08  Widow Mine x2  
  119  8:12  Medivac  
  126  8:15  Marauder  
  126  8:16  Medivac  
  126  8:19  Marine, Marauder  
  133  8:22  Marauder  
  131  8:37  Widow Mine x2  
  123  8:44  Marine x5, Marauder x2  
Tags
 
Add a new tag
Caveats
  • Supply blocks, unpowered buildings, or Contaminate may cause inaccurate times.
  • Supply counts are checked every 10 seconds.